 Dungeon Crawl Stone Soup version 0.31-a0-532-g28f74ba3e5 (webtiles) character file.

Game seed: 16630316424226612365

27 Zonian the Ruffian (level 3, 0/24 HPs)
             Began as an Octopode Shapeshifter on Aug 12, 2023.
             Slain by Jessica
             ... wielding a +0 dagger
              (4 damage)
             ... on level 2 of the Dungeon.
             The game lasted 00:01:12 (882 turns).

Zonian the Ruffian (Octopode Shapeshifter)           Turns: 882, Time: 00:01:13

Health: 0/24       AC:  1    Str: 16    XL:     3   Next: 10%
Magic:  3/3        EV: 13    Int: 10    God:
Gold:   83         SH:  0    Dex: 12    Spells: 2/2 levels left

rFire   . .          .
                       - Unarmed
rCold   . . .        (no shield)
rNeg    . . .        (helmet currently unavailable)
rPois   .            (no amulet)
rElec   .            (no ring)
rCorr   .            (no ring)
SInv    .            (no ring)
Will    .....        (no ring)
Stlth   ++           (no ring)
HPRegen 0.24/turn    (no ring)
MPRegen 0.08/turn    (no ring)
                     (no ring)

%: no passive effects
@: beast-form, slowed, very slow
A: beast (slay +2), almost no armour, amphibious, 8 rings, camouflage 1,
gelatinous body 1, (nimble swimmer 1), tentacles
a: Begin Untransformation


You were on level 2 of the Dungeon.
You were a hulking beast.
You visited 1 branch of the dungeon, and saw 2 of its levels.

You collected 83 gold pieces.

Inventory:

Talismans
 b - a beast talisman (active)
 c - a flux talisman
Scrolls
 d - 2 scrolls of identify {unknown}
 e - a scroll of blinking {unknown}
 f - a scroll of brand weapon {unknown}
Potions
 a - a potion of lignification


   Skills:
 + Level 1.6 Fighting
 - Level 2.4 Dodging
 + Level 0.0 Stealth
 + Level 3.3 Unarmed Combat
 - Level 3.2 Shapeshifting


You had 2 spell levels left.
You didn't know any spells.
Your spell library was empty.

Dungeon Overview and Level Annotations

Branches:
Dungeon (2/15)

Altars:

Shops:
D:1 !

Annotations:
D:2 Jessica


Innate Abilities, Weirdness & Mutations

You are a hulking beast.
Your limbs bulge with bestial killing power. (Slay +2)
You cannot wear most types of armour.
You are amphibious.
You can wear up to eight rings at the same time.
Your skin changes colour to match your surroundings (Stealth+).
Your rubbery body absorbs attacks. (AC +1, EV +1)
((You are camouflaged when in or above water. (Stealth+)))
You have tentacles for arms and can constrict up to eight enemies at once.


Message History

As you open the door, it creaks loudly!
Unknown command.
There is an open door here.
An endoplasm comes into view.
An endoplasm is nearby!
Unknown command.
The helpless endoplasm fails to defend itself.
You bludgeon the endoplasm!
You kill the endoplasm!
No target in view!
Unknown command.
Unknown command.
Done exploring.
Done exploring.
Unknown command.
There is a stone staircase leading down here.
You climb downwards.
Jessica shouts!
There is a stone staircase leading up here.
Jessica is nearby!
Unknown command.
Jessica hits you with a +0 dagger.
You tentacle-slap Jessica. Your grab misses Jessica.
Jessica is heavily wounded.
Jessica casts a spell.
Jessica blinks!
Jessica gestures wildly while chanting.
Jessica seems to speed up.
Jessica points at you and mumbles some strange words.
You feel yourself slow down. Jessica hits you with a +0 dagger!
Jessica hits you with a +0 dagger.
You are too injured to fight recklessly!
You are too injured to fight recklessly!
You tentacle-slap Jessica. Your grab misses Jessica.
Jessica is almost dead.
Jessica grins evilly.
Jessica hits you with a +0 dagger.
* * * LOW HITPOINT WARNING * * *
Jessica hits you with a +0 dagger.
You die...

#.#########
..........#
###..<..#
#....h..#
#...#...@.#
######....#
##.##.# #.#
.# #.. .
#### ##


You could see Jessica (fast).

Vanquished Creatures
  A dart slug (D:1)
  A ball python (D:1)
  4 endoplasms (D:1)
  A giant cockroach (D:1)
  5 goblins (D:1)
  A hobgoblin (D:1)
  3 kobolds (D:1)
  A quokka (D:1)
  2 frilled lizards (D:1)
  2 rats (D:1)
21 creatures vanquished.

Notes
Turn   | Place    | Note
-------+----------+-------------------------------------------
     0 | D:1      | Zonian the Octopode Shapeshifter began the quest for the
                  | Orb.
     0 | D:1      | Reached XP level 1. HP: 13/13 MP: 1/1
    57 | D:1      | Found Yppa's Distillery.
   126 | D:1      | Reached XP level 2. HP: 13/18 MP: 2/2
   756 | D:1      | Reached XP level 3. HP: 23/23 MP: 3/3
   874 | D:2      | Noticed Jessica
   882 | D:2      | Slain by Jessica

Illustrated notes

Levels and vault maps discovered:
D:1:      lightli_arrival_boilingwater, layout_rooms, serial_shops,
          nicolae_shop_tiny_waterfront, minmay_misc_feat_room
D:2:      layout_loops_ring, kennysheep_generic_room_13, uniq_jessica,
          uniq_natasha

Action                     || total
---------------------------++-------
  Melee: Unarmed           ||    41
         Constrict         ||    10
         Punch             ||     1
         Tentacles         ||     4
   Stab: Sleeping          ||     3
 Armour: Skin              ||     3
  Dodge: Dodged            ||    18

Table legend: (Time is in decaauts)
 A = Elapsed time spent in this place.
 B = Non-inter-level travel time spent in this place.
 C = Inter-level travel time spent in this place.
 D = Time resting spent in this place.
 E = Time spent auto-exploring this place.
 F = Levels seen in this place.
 G = Mean time per level.
                   A        B        C        D        E       F      G
               +--------+--------+--------+--------+--------+-----+--------+
         Total |    879 |    864 |     15 |    305 |    436 |   2 |  439.5 |
       Dungeon |    879 |    864 |     15 |    305 |    436 |   2 |  439.5 |
               +--------+--------+--------+--------+--------+-----+--------+

Top non-repeatable levels by time:
     D:1: 871 daAuts
     D:2: 8 daAuts
